 Dungeon Crawl Stone Soup version 0.20-a0-738-gb057e68 (webtiles) character file.

131 Gorglomux the Magician (level 4, 0/30 HPs)
             Began as a Demonspawn Wanderer on Feb 23, 2017.
             Slain by Crazy Yiuf
             ... wielding a +3 quarterstaff of chaos
              (11 damage)
             ... on level 2 of the Dungeon.
             The game lasted 00:08:06 (3257 turns).

Gorglomux the Magician (Demonspawn Wanderer)        Turns: 3257, Time: 00:08:06

Health: 0/30       AC:  4    Str: 14    XL:     4   Next: 91%
Magic:  5/10       EV: 11    Int: 14    God:
Gold:   37         SH:  0    Dex: 11    Spells: 8/11 levels left

rFire    . . .     SeeInvis .   a - +0 dagger
rCold    . . .     Gourm    .   d - +0 robe
rNeg     . . .     Faith    .   (no shield)
rPois    .         Spirit   .   (no helmet)
rElec    .         Reflect  .   (no cloak)
rCorr    .         Harm     .   Z - +0 pair of gloves
MR       .....                  Q - +0 pair of boots
Stlth    ++........             (no amulet)
Regen    0.1/turn               (no ring)
MPRegen  0.2/turn               (no ring)

@: very slightly contaminated
A: claws 1
a: no special abilities


You were on level 2 of the Dungeon.
You were not hungry.

You visited 1 branch of the dungeon, and saw 2 of its levels.

You collected 37 gold pieces.

Inventory:

Hand Weapons
 a - a +0 dagger (weapon)
 b - a +2 whip of electrocution
 e - a +0 club
Armour
 d - a +0 robe (worn)
 Q - a +0 pair of boots (worn)
 Z - a +0 pair of gloves (worn)
Wands
 L - a wand of lightning (12/15)
Scrolls
 P - 2 scrolls of identify {unknown}
 R - a scroll of magic mapping {unknown}
 T - 2 scrolls of teleportation
 X - 2 scrolls of remove curse {unknown}
Potions
 S - a potion of cancellation {unknown}
 U - a potion of flight
 Y - 2 potions of heal wounds {unknown}
Books
 f - a book of Minor Magic

   Spells                             Type                      Level
   a - Magic Dart                     Conjuration                  1
   b - Blink                          Translocation                2
   c - Call Imp                       Summoning                    2
   d - Slow                           Hexes                        2
   e - Conjure Flame                  Conjuration/Fire             3
   f - Mephitic Cloud                 Conjuration/Poison/Air       3
 O - the Volume of the Frostbite

   Spells                             Type                      Level
   a - Throw Frost                    Conjuration/Ice              2
   b - Ensorcelled Hibernation        Hexes/Ice                    2
Comestibles
 g - a bread ration
 V - 2 chunks of flesh
 W - 2 meat rations


   Skills:
 - Level 0.2 Fighting
 + Level 2.6 Short Blades
 - Level 2.0 Stealth
 - Level 4.0 Spellcasting
 - Level 1.0 Conjurations
 - Level 3.0 Hexes
   Level 1.0 Summonings
   Level 1.1 Necromancy
 + Level 0.3 Ice Magic
   Level 1.0 Air Magic


You had 8 spell levels left.
You knew the following spells:

 Your Spells              Type           Power        Failure   Level  Hunger
a - Magic Dart            Conj           #...         14%         1    None
z - Ensorcelled Hibernat  Hex/Ice        #.....       17%         2    ##.....


Dungeon Overview and Level Annotations

Branches:
Dungeon (2/15)

Altars:

Annotations:
D:2 Crazy Yiuf


Innate Abilities, Weirdness & Mutations

You have sharp fingernails.


Message History

Crazy Yiuf says, "Adder!"
Crazy Yiuf sings, "Trees, trees, trees, circus!"
Crazy Yiuf whimpers, "Prologue Hive Orb Guardian!"
Casting: Ensorcelled Hibernation
Confirm with . or Enter, or press ? or * to list all spells.
Aiming: Ensorcelled Hibernation
Press: ? - help, Shift-Dir - straight line, f - you, p - Crazy Yiuf
Okay, then.
Crazy Yiuf yells, "Shadow!
Line alas broken."
Crazy Yiuf waves his quarterstaff at you.
Casting: Ensorcelled Hibernation
Confirm with . or Enter, or press ? or * to list all spells.
Aiming: Ensorcelled Hibernation
Press: ? - help, Shift-Dir - straight line, f/p - Crazy Yiuf
Aim: Crazy Yiuf, wielding a quarterstaff of chaos and wearing a cloak (severely wounded, chance to defeat MR: 48%)
You miscast Ensorcelled Hibernation.
Your hands glow momentarily.
Crazy Yiuf hits you with a quarterstaff of chaos!
* * * LOW HITPOINT WARNING * * *
You are electrocuted!
You die...

...# #.....#
##.########.....#
................#
######.####.....# #.#
#.....# #.####.....#
#...##.###### ###
###.........######
..#########.#...@g....#
#......## #.#.........#
######..###.#..<......#
# ##.....#........>####
# #####.#............#
# #.#.........##.#
##############.# #.#
♣♣♣♣♣##.##


You could see Crazy Yiuf.

Vanquished Creatures
  Ijyb (D:2)
  4 adders (D:2)
  An ooze (D:2)
  A worm (D:2)
  3 dart slugs
  5 leopard geckos
  11 bats
  4 giant cockroaches
  2 goblins
  3 hobgoblins
  4 jackals (D:1)
  A quokka (D:2)
  A frilled lizard (D:1)
  8 kobolds
  3 rats (D:1)
52 creatures vanquished.

Notes
Turn   | Place    | Note
-------+----------+-------------------------------------------
     0 | D:1      | Gorglomux the Demonspawn Wanderer began the quest for the Orb.
     0 | D:1      | Gorglomux set off with: a book of Minor Magic, the Volume of the Frostbite, a +0 robe, a +0 club, a +0 dagger, a bread ration, a scroll of teleportation
     0 | D:1      | Reached XP level 1. HP: 13/13 MP: 5/5
     0 | D:1      | Identified the Volume of the Frostbite
    39 | D:1      | Learned a level 1 spell: Magic Dart
   253 | D:1      | Reached skill level 1 in Conjurations
   433 | D:1      | Gained mutation: You have sharp fingernails. [demonic ancestry]
   433 | D:1      | Reached XP level 2. HP: 19/19 MP: 0/7
   438 | D:1      | Learned a level 2 spell: Ensorcelled Hibernation
   806 | D:1      | Reached skill level 1 in Short Blades
  1257 | D:1      | Reached XP level 3. HP: 19/24 MP: 1/8
  2555 | D:2      | Reached XP level 4. HP: 23/30 MP: 10/10
  2582 | D:2      | Found a runed door.
  2626 | D:2      | Noticed Ijyb
  2656 | D:2      | Killed Ijyb
  3045 | D:2      | Reached skill level 3 in Hexes
  3223 | D:2      | Noticed Crazy Yiuf
  3257 | D:2      | Slain by Crazy Yiuf

Vault maps used:
D:1:      dpeg_chamrin_arrival_tetris, minmay_misc_feat_x
D:2:      hex_tiny, uniq_iyjb, uniq_crazy_yiuf_cottage

Skill      XL: |  1  2  3  4 |
---------------+-------------+-----
Conjurations   | 1 |  1.0
Stealth        | 2 |  2.0
Short Blades   | 1 2 |  2.6
Hexes          | 2 3 |  3.0
Fighting       | |  0.2
Spellcasting   | |  4.0
Summonings     | |  1.0
Necromancy     | |  1.1
Ice Magic      | |  0.3
Air Magic      | |  1.0

Action                   |  1- 3 |  4- 6 || total
-------------------------+-------+-------++-------
Melee: Dagger            |    74 |     1 ||    75
       Whip              |    13 |    49 ||    62
 Cast: Magic Dart        |    82 |    17 ||    99
       Ensorcelled Hiber |     9 |     3 ||    12
  Use: Potion            |     3 |       ||     3
 Stab: Sleeping          |     4 |     4 ||     8
  Eat: Chunk             |     4 |     3 ||     7
       Fruit             |       |     1 ||     1
Armor: Robe              |    28 |    30 ||    58
Dodge: Dodged            |    65 |    28 ||    93
